 Dungeon Crawl Stone Soup version 0.31.0-10-gcf4a605ca0 (webtiles) character file.

Game seed: 5539916159159915349

79 Maffolandro the Slasher (level 4, -1/34 HPs)
             Began as a Human Wanderer on Jan 25, 2024.
             Was a Plaything of Xom.
             Slain by Natasha (6 damage)
             ... on level 3 of the Dungeon.
             The game lasted 00:06:09 (2058 turns).

Maffolandro the Slasher (Human Wanderer)            Turns: 2058, Time: 00:06:09

Health: -1/34      AC:  9    Str: 11    XL:     4   Next: 37%
Magic:  4/4        EV:  5    Int: 11    God:    Xom [.*....]
Gold:   144        SH:  7    Dex: 17    Spells: 3/3 levels left

rFire   . . .        a - +0 falchion
rCold   . . .        b - +2 buckler
rNeg    . . .        g - +0 chain mail
rPois   .            (no helmet)
rElec   .            (no cloak)
rCorr   .            (no gloves)
SInv    .            c - +0 pair of boots
Will    .....        (no amulet) Stlth
                     (no ring)
HPRegen 0.25/turn    (no ring)
MPRegen 0.09/turn

%: no passive effects
@: slowed, very slow
A: explore regen
a: Renounce Religion


You were on level 3 of the Dungeon.
You worshipped Xom.
You were a plaything of Xom.
You visited 1 branch of the dungeon, and saw 3 of its levels.

You collected 144 gold pieces.

Inventory:

Hand Weapons
 a - a +0 falchion (weapon)
 x - a +0 orcbow
Missiles
 n - 5 boomerangs (quivered)
Armour
 b - a +2 buckler (worn)
 c - a +0 pair of boots (worn)
 e - a +0 robe
 g - a +0 chain mail (worn)
 j - a +0 ring mail
 s - an orb of wrath
Talismans
 p - a blade talisman
 u - a maw talisman
Scrolls
 d - 2 scrolls of fog
 f - a scroll of amnesia {unknown}
 k - a scroll of noise {unknown}
 l - 4 scrolls of identify {unknown}
 m - a scroll of revelation {unknown}
 o - a scroll of blinking {unknown}
 t - a scroll of fear {unknown}
 v - 2 scrolls of teleportation {unknown}
Potions
 h - a potion of lignification {unknown}
 i - 2 potions of resistance {unknown}
 q - a potion of cancellation {unknown}
 r - 2 potions of degeneration {unknown}
 w - a potion of curing {unknown}


   Skills:
 + Level 2.4 Fighting
 * Level 3.8 Long Blades
 - Level 1.0 Armour
 - Level 2.0 Stealth
 - Level 3.0 Shields
 - Level 1.0 Evocations


You had 3 spell levels left.
You didn't know any spells.
Your spell library was empty.

Dungeon Overview and Level Annotations

Branches:
Dungeon (3/15)

Altars:
Xom

Annotations:
D:3 Natasha


Innate Abilities, Weirdness & Mutations

You regain HP and MP as you explore.


Message History

Natasha is moderately wounded.
Natasha claws you.
You hit Natasha.
Natasha is moderately wounded.
Natasha mewls in sadness.
Natasha claws you! Natasha casts a spell at you. The magic dart hits you.
You hit Natasha.
Natasha is heavily wounded.
Natasha claws you!
* * * LOW HITPOINT WARNING * * *
Natasha claws you.
* * * LOW HITPOINT WARNING * * *
You hit Natasha.
Natasha is severely wounded.
Natasha stares at you and mumbles some strange words.
You resist with some effort. Natasha claws you but does no damage.
You completely miss Natasha.
Natasha is severely wounded.
Natasha casts a spell at you.
The magic dart hits you but does no damage.
You closely miss Natasha.
Natasha is severely wounded.
You block Natasha's attack.
Natasha casts a spell.
You closely miss Natasha.
Natasha is severely wounded.
Natasha barely misses you.
The cerulean imp hits you but does no damage.
Natasha claws you.
* * * LOW HITPOINT WARNING * * *
You barely miss Natasha.
Natasha is severely wounded.
The cerulean imp hits you but does no damage.
Natasha mumbles some strange words.
The cerulean imp barely misses you. Natasha claws you.
You die...
Natasha begins licking her fur clean.
Xom laughs nastily!

...............#
##.#######.....#.# ##..##
#.....#.#
#....######.....#.#
..♣P...........^#.#
..♣.........>##.#.#
...♣...#.....<#.#.####+##
..)P♣....#.#..#.#........
.#....##.###....@.5......
#..........#.....h.......
....####...###...........
.##............5..####...
.################## ##
..+ ##.+ ..## ##..## ...#
##....# ...## ##.....##


You could see Natasha and 2 cerulean imps.

Vanquished Creatures
  2 adders (D:2)
  2 dart slugs
  2 endoplasms
  3 giant cockroaches
  6 goblins
  4 hobgoblins
  13 kobolds
  3 quokkas
  6 ball pythons
  7 bats
  3 frilled lizards (D:1)
  6 rats
57 creatures vanquished.

Notes
Turn   | Place    | Note
-------+----------+-------------------------------------------
     0 | D:1      | Maffolandro the Human Wanderer began the quest for the Orb.
     0 | D:1      | Maffolandro set off with the following items: a +0
                  | falchion, a +2 buckler, a +0 pair of boots, a scroll of
                  | fog, a +0 robe.
     0 | D:1      | Reached XP level 1. HP: 15/15 MP: 1/1
     3 | D:1      | Noticed a gargoyle
     5 | D:1      | Noticed a troll
     7 | D:1      | Noticed a barachi
     7 | D:1      | Noticed a demonspawn
     9 | D:1      | Noticed a djinni
     9 | D:1      | Noticed a spriggan
    11 | D:1      | Noticed an oni
    11 | D:1      | Noticed a demigod
    13 | D:1      | Noticed a ghoul
    13 | D:1      | Noticed an armataur
    15 | D:1      | Noticed a felid
    15 | D:1      | Noticed a human
    17 | D:1      | Noticed a naga
    19 | D:1      | Noticed a minotaur
    21 | D:1      | Noticed an elf
    21 | D:1      | Noticed a formicid
    23 | D:1      | Noticed a vampire
    23 | D:1      | Noticed an octopode
    25 | D:1      | Noticed a tengu
    25 | D:1      | Noticed a merfolk
    27 | D:1      | Noticed a vine stalker
    27 | D:1      | Noticed a draconian
   166 | D:1      | Reached XP level 2. HP: 20/21 MP: 2/2
   613 | D:1      | Reached XP level 3. HP: 27/27 MP: 3/3
  1168 | D:2      | Reached XP level 4. HP: 32/33 MP: 4/4
  1243 | D:2      | Found a faded altar of an unknown god.
  1250 | D:2      | Prayed at the altar of an unknown god.
  1250 | D:2      | Became a worshipper of Xom the Chaotic
  1378 | D:2      | XOM: divination: detect items
  1861 | D:3      | XOM: silly message
  1888 | D:3      | XOM: silly message
  2041 | D:3      | Noticed Natasha
  2058 | D:3      | Slain by Natasha

Illustrated notes

Levels and vault maps discovered:
D:1:      kb_arrival_jail, layout_basic
D:2:      layout_loops_corners, basic_ecumenical_altar
D:3:      minmay_razor_zed, layout_basic, mainiacjoe_overflow_alcove_4,
          serial_park_tiny_2, uniq_natasha

Skill      XL: |  1  2  3 |
---------------+----------+-----
Long Blades    | 3 |  3.8
Fighting       | 2 |  2.4
Armour         | |  1.0
Stealth        | |  2.0
Shields        | |  3.0
Evocations     | |  1.0

Action                     |  1- 3 |  4- 6 || total
---------------------------+-------+-------++-------
  Melee: Falchion          |   111 |    70 ||   181
 Armour: Chain mail        |    62 |    62 ||   124
         Robe              |     2 |       ||     2
  Dodge: Dodged            |    27 |    20 ||    47
  Block: Buckler           |    35 |    28 ||    63
